 Dungeon Crawl Stone Soup version 0.26-a0-1040-gbe3abf3417 (webtiles) character file.

Game seed: 643820685250064597

77 Dracia the Sneak (level 4, -1/24 HPs)
             Began as a Kobold Enchanter on Dec 11, 2020.
             Slain by a worm (2 damage)
             ... on level 3 of the Dungeon.
             The game lasted 00:06:06 (2104 turns).

Dracia the Sneak (Kobold Enchanter)                 Turns: 2104, Time: 00:06:06

Health: -1/24      AC:  5    Str:  5    XL:     4   Next: 60%
Magic:  5/7        EV: 14    Int: 16    God:
Gold:   50         SH:  0    Dex: 16    Spells: 1/7 levels left

rFire    . . .     SeeInvis .   a - +1 dagger
rCold    + . .     Faith    .   (shield restricted)
rNeg     . . .     Spirit   .   n - +0 leather armour
rPois    .         Reflect  .   (no helmet)
rElec    .         Harm     .   (no cloak)
rCorr    .         Rampage  .   k - +1 pair of gloves
Will     .....                  (no boots)
Stlth    ++++......             c - amulet of magic regeneration
HPRegen  0.08/turn              C - ring of protection from cold
MPRegen  0.35/turn              (no ring)

@: no status effects
A: small, nightstalker 3
a: no special abilities


You were on level 3 of the Dungeon.
You visited 1 branch of the dungeon, and saw 3 of its levels.

You collected 50 gold pieces.


Innate Abilities, Weirdness & Mutations

You are small and have problems with some larger weapons.
You are completely attuned to the shadows.


   Skills:
 * Level 3.3 Short Blades
 - Level 2.4 Dodging
 + Level 5.2 Stealth
 - Level 2.1 Spellcasting
 + Level 3.7 Hexes


You had one spell level left.
You knew the following spells:

 Your Spells              Type           Power        Failure   Level
o - Confusing Touch       Hex            ##......     22%         3
x - Ensorcelled Hibernat  Hex/Ice        #.....       24%         2
z - Corona                Hex            ##.....      8%          1

Your spell library contained the following spells:

 Spells                   Type           Power        Failure   Level
 Tukima's Dance           Hex            ##......     22%         3
 Dazzling Flash           Conj/Hex       #.....       43%         3

Inventory:

Hand Weapons
 a - a +1 dagger (weapon)
Armour
 b - a +0 robe
 g - a scarf of shadows
 k - a +1 pair of gloves (worn)
 n - a +0 leather armour (worn)
Jewellery
 c - an amulet of magic regeneration (around neck)
 o - an uncursed amulet of the acrobat {unknown}
 C - a ring of protection from cold (left hand)
Scrolls
 d - a scroll of enchant weapon {unknown}
 f - a scroll of enchant armour
 m - a scroll of teleportation {@r4@r4}
 q - a scroll of remove curse {@r2@r2}
 r - 2 scrolls of identify {unknown}
Potions
 e - 2 potions of mutation {unknown}
 h - 3 potions of curing {unknown}
 i - a potion of invisibility {unknown}
 j - 2 potions of heal wounds {unknown}
 l - a potion of might {unknown}
 p - a potion of resistance {unknown}

Dungeon Overview and Level Annotations

Branches:
Dungeon (3/15)

Altars:
Gozag
Makhleb
Nemelex Xobeh
Sif Muna
Yredelemnul

#># .........).......
###.### #............#..
......# ..........#...##
...##.###..####.########
...#....... #...#
........... ###.##
.......... ##..###
..#....... #.......
..#....... #@..?...
#....... #..w......
#....... #.#?......
###....... ...#......
##......... .# ######
#..#....... .[#########
###


You could see a worm (corona).


Message History

Confirm with . or Enter, or press ? or * to list all spells.
Aiming: Corona (safe; 8% risk of failure)
Press: ? - help, Shift-Dir - straight line, f/p - worm
Aim: a worm (moderately wounded, softly glowing, chance to affect: 58%)
The worm glows brighter.
The worm bites you.
* * * LOW HITPOINT WARNING * * *
Casting: Corona (safe; 8% risk of failure)
Confirm with . or Enter, or press ? or * to list all spells.
Aiming: Corona (safe; 8% risk of failure)
Press: ? - help, Shift-Dir - straight line, f/p - worm
Aim: a worm (lightly wounded, softly glowing, chance to affect: 58%)
The worm glows brighter for a moment.
Unknown command.
A worm is nearby!
You are too injured to fight recklessly!
You hit the worm.
The worm is moderately wounded.
The worm closely misses you.
You hit the worm but do no damage.
The worm is moderately wounded.
You hit the worm.
The worm is moderately wounded.
The worm bites you.
* * * LOW HITPOINT WARNING * * *
You hit the worm but do no damage.
The worm is moderately wounded.
You hit the worm.
The worm is heavily wounded.
The worm bites you.
You die...

Skill      XL: |  1  2  3  4 |
---------------+-------------+-----
Short Blades   | 2 3 |  3.3
Stealth        | 5 |  5.2
Dodging        | |  2.4
Spellcasting   | |  2.1
Hexes          | |  3.7

Action                   |  1- 3 |  4- 6 || total
-------------------------+-------+-------++-------
Melee: Dagger            |    91 |    73 ||   164
 Cast: Corona            |     1 |     5 ||     6
       Ensorcelled Hiber |     1 |     2 ||     3
  Use: Scroll            |     5 |       ||     5
 Stab: Sleeping          |    25 |     8 ||    33
Armor: Robe              |     6 |       ||     6
       Leather armour    |    11 |     6 ||    17
Dodge: Dodged            |    35 |    40 ||    75

Levels and vault maps discovered:
D:1:      kb_arrival_jail, layout_rooms, minmay_misc_feat_doors
D:2:      layout_rooms, minmay_overflow_temple_star_quad,
          gammafunk_temple_overflow_wave
D:3:      layout_rooms, marbit_many_paths, chequers_ecumenical_altar_lobes

Notes
Turn   | Place    | Note
-------+----------+-------------------------------------------
     0 | D:1      | Dracia the Kobold Enchanter began the quest for the Orb.
     0 | D:1      | Reached XP level 1. HP: 10/10 MP: 3/3
     2 | D:1      | Noticed a minotaur
     2 | D:1      | Noticed a dwarf
     4 | D:1      | Noticed a felid
     4 | D:1      | Noticed a vampire
     6 | D:1      | Noticed a merfolk
     8 | D:1      | Noticed a naga
     8 | D:1      | Noticed a spriggan
    10 | D:1      | Noticed a centaur
    18 | D:1      | Noticed a human
    18 | D:1      | Noticed a troll
    20 | D:1      | Noticed a demonspawn
    22 | D:1      | Noticed an octopode
    22 | D:1      | Noticed a gargoyle
    24 | D:1      | Noticed a tengu
    24 | D:1      | Noticed a vine stalker
    26 | D:1      | Noticed a halfling
    26 | D:1      | Noticed an elf
    28 | D:1      | Noticed a formicid
    28 | D:1      | Noticed an ogre
    30 | D:1      | Noticed a ghoul
    32 | D:1      | Noticed a draconian
    32 | D:1      | Noticed a demigod
   255 | D:1      | Reached XP level 2. HP: 15/15 MP: 5/5
   275 | D:1      | Reached skill level 2 in Short Blades
   520 | D:1      | Reached XP level 3. HP: 19/19 MP: 6/6
   531 | D:1      | Learned a level 2 spell: Ensorcelled Hibernation
  1273 | D:2      | Reached skill level 5 in Stealth
  1273 | D:2      | Reached XP level 4. HP: 24/24 MP: 7/7
  1302 | D:2      | Reached skill level 3 in Short Blades
  1490 | D:2      | Found a shimmering blue altar of Sif Muna.
  1495 | D:2      | Learned a level 3 spell: Confusing Touch
  1504 | D:2      | Found an opulent altar of Gozag.
  1507 | D:2      | Found a sparkling altar of Nemelex Xobeh.
  1532 | D:2      | Found a burning altar of Makhleb.
  1532 | D:2      | Found a basalt altar of Yredelemnul.
  2102 | D:3      | HP: 1/24 [worm (5)]
  2104 | D:3      | Slain by a worm

Vanquished Creatures
  An adder (D:2)
  An ooze (D:1)
  A worm (D:3)
  3 leopard geckos
  An orc (D:3)
  2 giant cockroaches
  7 goblins
  10 hobgoblins
  4 jackals (D:1)
  2 ball pythons (D:2)
  7 bats
  3 frilled lizards
  5 kobolds
  9 rats
56 creatures vanquished.

Table legend: (Time is in decaauts)
 A = Elapsed time spent in this place.
 B = Non-inter-level travel time spent in this place.
 C = Inter-level travel time spent in this place.
 D = Time resting spent in this place.
 E = Time spent auto-exploring this place.
 F = Levels seen in this place.
 G = Mean time per level.
                   A        B        C        D        E       F      G
               +--------+--------+--------+--------+--------+-----+--------+
         Total |   2082 |   1987 |     95 |     22 |   1575 |   3 |  694.0 |
       Dungeon |   2082 |   1987 |     95 |     22 |   1575 |   3 |  694.0 |
               +--------+--------+--------+--------+--------+-----+--------+

Top non-repeatable levels by time:
     D:1: 1006 daAuts
     D:2: 952 daAuts
     D:3: 123 daAuts

Table legend:
 A = Non-vault XP
 B = Vault XP
 C = Vault XP percentage of total XP
 D = Non-vault monster count
 E = Vault monster count
 F = Vault count percentage of total count
                 A         B        C        D         E       F
            +---------+---------+-------+---------+---------+-------
      Total |     111 |       0 |   0.0 |      56 |       0 |   0.0
            +---------+---------+-------+---------+---------+-------
        D:1 |      48 |       0 |   0.0 |      27 |       0 |   0.0
        D:2 |      47 |       0 |   0.0 |      23 |       0 |   0.0
        D:3 |      16 |       0 |   0.0 |       6 |       0 |   0.0
            +---------+---------+-------+---------+---------+-------
